[Event "EICC 2021"]
[Site "Reykjavik"]
[Date "2021.08.31"]
[Round "6.38"]
[White "Stefansson, Hannes"]
[Black "Kanyamarala, Tarun"]
[Result "1-0"]
[ECO "B30"]
[WhiteElo "2519"]
[BlackElo "2369"]
[Annotator "ChessBase"]
[PlyCount "101"]
[EventDate "2021.08.26"]
[EventType "swiss"]
[EventCountry "ISL"]
[Tiebreak "Cut1 Buchholz"]
[SourceTitle "playchess.com"]
[Source "ChessBase"]
[SourceQuality "1"]
[TimeControl "40/5400+30:1800+30"]

1. e4 c5 2. Nf3 Nc6 3. Bb5 e6 4. Bxc6 bxc6 5. b3 Ne7 6.
Bb2 Ng6 7. h4 h5 8. e5 f6 9. d3 d5 10. exd6 Bxd6 11. Nfd2 e5 12. Qf3 Rb8 13. Nc3 Nf4 14. Nc4 Be7 15. Ne3 Kf7 16. O-O-O Ne6 17. Qxc6 Bb7 18. Qa4 Qc8 19. Ncd5 Bd8 20. f4 Bc6 21. Qc4 exf4 22. Nxf4 Rb4 23. Qxe6+ Qxe6 24. Nxe6 Kxe6 25. Ba3 Rb5 26.
Rhe1 Kd7 27. Re2 Re8 28. Kd2 Ba5+ 29. c3 Bc7 30. Rf1 Be5 31.
Rff2 Bg3 32. Rf5 Bxh4 33. Rxc5 Rxc5 34. Bxc5 Bg5 35. c4 f5 36. Ke1 g6 37. Bxa7 h4 38. Nd5 Rh8 39. Bd4 Rf8 40. Re5 h3 41.
gxh3 Rf7 42. b4 Rh7 43. b5 Bxd5 44. Rxd5+ Kc8 45. c5 Rxh3 46. c6 Rh1+ 47. Ke2 Rh2+ 48. Kf1 Rc2 49. Rd6 Rc1+ 50. Ke2 Rc2+ 51. Kf3 1-0

[Event "EICC 2021"]
[Site "Reykjavik"]
[Date "2021.09.01"]
[Round "7.32"]
[White "Kulaots, Kaido"]
[Black "Baltag, Iulian"]
[Result "0-1"]
[ECO "C16"]
[WhiteElo "2548"]
[BlackElo "2410"]
[Annotator "ChessBase"]
[PlyCount "80"]
[EventDate "2021.08.26"]
[EventType "swiss"]
[EventCountry "ISL"]
[Tiebreak "Cut1 Buchholz"]
[SourceTitle "playchess.com"]
[Source "ChessBase"]
[SourceQuality "1"]
[TimeControl "40/5400+30:1800+30"]

1. e4 e6 2. d4 d5 3. Nc3 Bb4 4. e5 Qd7 5. a3 Bxc3+ 6. bxc3 b6 7. Qg4 f5 8. Qg3 Ba6 9. Bxa6 Nxa6 10. h4 Nb8 11. Nh3 Nc6 12. Bg5 Qf7 13.
Qf3 Nge7 14. h5 h6 15. Bh4 O-O-O 16. Nf4 Rdg8 17. a4 g5 18. hxg6 Nxg6 19. Bf6 Rh7 20. Nh5 Na5 21. Qd3 Nc4 22. f3 Nf8 23. Kf2 a5 24. Rh4 Nd7 25.
Rah1 Kb7 26. Qd1 Qf8 27. Qc1 Rf7 28. R4h3 Ka7 29. Bh4 Ndxe5 30. Kg1 Ng6 31. Bf2 f4 32. Kh2 Rf5 33. Re1 Qf7 34. g4 fxg3+ 35. Bxg3 Nge5 36. dxe5 Rxh5 37. Qf4 Rf5 38. Qxh6 Rxf3 39. Re2 Nxe5 40. Rxe5 Rfxg3 0-1

[Event "EICC 2021"]
[Site "Reykjavik"]
[Date "2021.09.01"]
[Round "7.33"]
[White "Horvath, Dominik"]
[Black "Martinovic, Sasa"]
[Result "1-0"]
[ECO "C02"]
[WhiteElo "2455"]
[BlackElo "2548"]
[Annotator "ChessBase"]
[PlyCount "81"]
[EventDate "2021.08.26"]
[EventType "swiss"]
[EventCountry "ISL"]
[Tiebreak "Cut1 Buchholz"]
[SourceTitle "playchess.com"]
[Source "ChessBase"]
[SourceQuality "1"]
[TimeControl "40/5400+30:1800+30"]

1. e4 e6 2. d4 d5 3. e5 c5 4. c3 Nc6 5. Nf3 Bd7 6. Be2 Nge7 7. Na3 cxd4 8.
cxd4 Nf5 9. Nc2 Be7 10. g3 O-O 11. h4 h6 12. h5 Rc8 13.
Kf1 f6 14. g4 Nfxd4 15. Ncxd4 Nxe5 16. Rg1 Bc5 17. Be3 Nc4 18. Bxc4 dxc4 19. Qc2 Bxd4 20. Nxd4 Qe7 21. Qe4 c3 22. bxc3 Rxc3 23. Kg2 e5 24. Nf5 Qf7 25. Kh2 Bc6 26. Qb4 Rc4 27. Qe7 Ra4 28. a3 Kh7 29. Rad1 Qxe7 30. Nxe7 Bf3 31. Ng6 Rc8 32. Rd7 Bxg4 33. Rxb7 Bxh5 34. Nf8+ Kh8 35. Rgxg7 Rcc4 36. Ng6+ Bxg6 37. Rxg6 Rh4+ 38. Kg3 f5 39. Rbg7 Rhg4+ 40. Rxg4 fxg4 41. Rxa7 1-0

[Event "EICC 2021"]
[Site "Reykjavik"]
[Date "2021.09.01"]
[Round "7.34"]
[White "Koellner, Ruben Gideon"]
[Black "Hillarp Persson, Tiger"]
[Result "1/2-1/2"]
[ECO "A45"]
[WhiteElo "2418"]
[BlackElo "2543"]
[Annotator "ChessBase"]
[PlyCount "90"]
[EventDate "2021.08.26"]
[EventType "swiss"]
[EventCountry "ISL"]
[Tiebreak "Cut1 Buchholz"]
[SourceTitle "playchess.com"]
[Source "ChessBase"]
[SourceQuality "1"]
[TimeControl "40/5400+30:1800+30"]

1. d4 Nf6 2. Bg5 c5 3. Bxf6 gxf6 4. d5 Qb6 5. Qc1 f5 6. c4 Bg7 7. Nc3 d6 8. e3 Nd7 9. Qc2 Qa5 10. Rc1 b5 11. cxb5 Nb6 12. Qd2 Bb7 13.
Nh3 Nxd5 14. Nxd5 Qxd2+ 15. Kxd2 Bxd5 16. b3 Bb7 17. Nf4 e6 18. Be2 a6 19. b4 cxb4 20. Rc7 Bc3+ 21. Kc1 O-O 22. Rxb7 axb5 23. Kb1 b3 24. axb3 Rfc8 25. Rc1 Ra1+ 26. Kc2 Be5+ 27. Bc4 Rxc1+ 28. Kxc1 bxc4 29. Kd1 c3 30. Nd3 c2+ 31. Kc1 Bxh2 32. b4 Bg1 33. Rb6 d5 34. b5 Rc3 35. Rb8+ Kg7 36. b6 d4 37. b7 Rxd3 38.
Rg8+ Kxg8 39. b8=Q+ Kg7 40. Qb5 Ra3 41. Qe5+ Kg6 42. Qg3+ Kf6 43. Qh4+ Kg6 44. Qg3+ Kf6 45. Qh4+ Kg6 1/2-1/2

[Event "EICC 2021"]
[Site "Reykjavik"]
[Date "2021.09.01"]
[Round "7.35"]
[White "Basso, Pier Luigi"]
[Black "Sousa, Andre Ventura"]
[Result "1-0"]
[ECO "D85"]
[WhiteElo "2541"]
[BlackElo "2405"]
[Annotator "ChessBase"]
[PlyCount "61"]
[EventDate "2021.08.26"]
[EventType "swiss"]
[EventCountry "ISL"]
[Tiebreak "Cut1 Buchholz"]
[SourceTitle "playchess.com"]
[Source "ChessBase"]
[SourceQuality "1"]
[TimeControl "40/5400+30:1800+30"]

1. d4 Nf6 2. c4 g6 3. Nc3 d5 4. cxd5 Nxd5 5. e4 Nxc3 6. bxc3 Bg7 7. Nf3 c5 8. Bb5+ Nc6 9. d5 Qa5 10.
Rb1 a6 11. Ba4 b5 12. dxc6 Bxc3+ 13. Bd2 bxa4 14. Qc1 Bxd2+ 15.
Qxd2 Qxd2+ 16. Kxd2 Be6 17. Rhc1 Bxa2 18. Rb7 Be6 19. Rxc5 a3 20. Ra5 a2 21. Nd4 Bc8 22. Rb4 Kd8 23. f4 f6 24. Rxa2 Re8 25.
e5 fxe5 26. fxe5 Rf8 27. Ke3 Rf1 28. Ke4 e6 29. Rab2 Ra7 30.
Rb7 Rf7 31. c7+ 1-0

[Event "EICC 2021"]
[Site "Reykjavik"]
[Date "2021.09.01"]
[Round "7.36"]
[White "Juksta, Karolis"]
[Black "Suleymanli, Aydin"]
[Result "1/2-1/2"]
[ECO "D35"]
[WhiteElo "2438"]
[BlackElo "2536"]
[Annotator "ChessBase"]
[PlyCount "200"]
[EventDate "2021.08.26"]
[EventType "swiss"]
[EventCountry "ISL"]
[Tiebreak "Cut1 Buchholz"]
[SourceTitle "playchess.com"]
[Source "ChessBase"]
[SourceQuality "1"]
[TimeControl "40/5400+30:1800+30"]

1. d4 d5 2. c4 e6 3. Nc3 Be7 4. cxd5 exd5 5. Bf4 Nf6 6. e3 Bf5 7. Qb3 Nc6 8. g4 Nxg4 9. Qxd5 Qxd5 10. Nxd5 Bb4+ 11. Nxb4 Nxb4 12. Rc1 c6 13. a3 Nd5 14. h3 Ngf6 15. Be5 Nd7 16. Bd6 N7b6 17. Nf3 O-O-O 18. Bg3 f6 19. Nd2 Rhe8 20. Nc4 Re6 21. Be2 Nxc4 22. Rxc4 Rde8 23. Bg4 g6 24. Ke2 h5 25. Bxf5 gxf5 26. Kf3 Kd7 27. Rg1 Rg8 28. Rcc1 Re7 29. Bh2 Reg7 30. Rxg7+ Rxg7 31. Bg3 Ke6 32. Rc5 Rg8 33. Rc1 a5 34. Rc5 Ra8 35. a4 Nb6 36. b3 Nd5 37. Ke2 Kd7 38.
Kd3 h4 39. Bxh4 Rh8 40. Bg3 b6 41. Rc1 Rxh3 42. Re1 f4 43.
exf4 Nxf4+ 44. Ke4 Nd5 45. Kf5 Rh6 46. Rg1 Rh5+ 47. Kg4 Rg5+ 48. Kf3 Ne7 49. Rd1 Rh5 50. Ke4 Nd5 51. Rg1 Ke6 52. Rc1 Kd7 53.
Rg1 Ne7 54. Rd1 Rd5 55. Rd3 Nf5 56. Bf4 Ke6 57. Bc7 b5 58.
axb5 Rxb5 59. Rc3 Kd7 60. Rc5 Nxd4 61. Rxb5 cxb5 62. Bxa5 Nxb3 63. Bb6 Ke6 64. Kd3 Kd5 65. Kc3 Nc5 66. Kb4 Nd7 67. Be3 Kc6 68. Bd4 f5 69. Be3 Nf6 70. Bd4 Ng4 71. Ba7 Ne5 72. Be3 Nf3 73. Ba7 Nh2 74. Be3 Ng4 75. Bd4 Nh6 76. Be3 Nf7 77. Bd4 Nd8 78. Ba7 Ne6 79. Bb8 Nd4 80. Ba7 Kd5 81. Bb6 f4 82. Kc3 Nc6 83. f3 Kd6 84. Bg1 Kd5 85. Bb6 Kd6 86. Bg1 Ke6 87. Bc5 Ne5 88. Kb4 Nxf3 89. Kxb5 Kd5 90. Bf2 Ne5 91. Ba7 Nc6 92. Bf2 f3 93. Bg1 Nd4+ 94. Kb4 Ke5 95. Kc4 Ne2 96. Be3 Ke4 97. Bf2 Nf4 98. Kc3 Nd3 99. Bg1 f2 100. Bxf2 Nxf2 1/2-1/2

[Event "EICC 2021"]
[Site "Reykjavik"]
[Date "2021.09.01"]
[Round "7.37"]
[White "Subelj, Jan"]
[Black "Plat, Vojtech"]
[Result "1-0"]
[ECO "C42"]
[WhiteElo "2412"]
[BlackElo "2531"]
[Annotator "ChessBase"]
[PlyCount "67"]
[EventDate "2021.08.26"]
[EventType "swiss"]
[EventCountry "ISL"]
[Tiebreak "Cut1 Buchholz"]
[SourceTitle "playchess.com"]
[Source "ChessBase"]
[SourceQuality "1"]
[TimeControl "40/5400+30:1800+30"]

1. e4 e5 2. Nf3 Nf6 3. Nxe5 d6 4. Nf3 Nxe4 5. Nc3 Nf6 6.
d4 Be7 7. Bd3 O-O 8. h3 Re8 9. O-O Nbd7 10. Ne2 b6 11. Ng3 g6 12. c4 d5 13. cxd5 a6 14. Qb3 Bb7 15. d6 Bxd6 16. Bc4 Re7 17. a4 Rb8 18.
Qd3 Qc8 19. Bg5 Re8 20. Rae1 Nd5 21. Qb3 Rxe1 22. Rxe1 c6 23. Ne4 Qf8 24. Bxd5 cxd5 25. Nxd6 Qxd6 26. Qe3 Rc8 27. Be7 Qc6 28. Qh6 f6 29. Bc5 Ne5 30. Nxe5 fxe5 31. Rxe5 bxc5 32. Re7 Qf6 33. Qxh7+ Kf8 34. Re3 1-0

[Event "EICC 2021"]
[Site "Reykjavik"]
[Date "2021.09.01"]
[Round "7.38"]
[White "Sokolovsky, Yahli"]
[Black "Petrov, Martin"]
[Result "0-1"]
[ECO "B90"]
[WhiteElo "2415"]
[BlackElo "2521"]
[Annotator "ChessBase"]
[PlyCount "88"]
[EventDate "2021.08.26"]
[EventType "swiss"]
[EventCountry "ISL"]
[Tiebreak "Cut1 Buchholz"]
[SourceTitle "playchess.com"]
[Source "ChessBase"]
[SourceQuality "1"]
[TimeControl "40/5400+30:1800+30"]

1. e4 c5 2. Nf3 d6 3. d4 cxd4 4. Nxd4 Nf6 5. Nc3 a6 6. h3 g6 7. Be3 Bg7 8. g4 O-O 9. Bg2 Nc6 10. Qd2 Nxd4 11. Bxd4 b5 12. g5 Nh5 13. Bxg7 Nxg7 14. e5 Ra7 15. O-O-O Rd7 16. Qe2 Ne6 17. Qe3 dxe5 18. Rxd7 Bxd7 19. Rd1 f6 20. Nd5 Qe8 21. Qa3 fxg5 22. Qxe7 Kh8 23. Qd6 Rxf2 24. Nb6 Rxg2 25. Nxd7 Rf2 26. Nxe5 Re2 27. Rf1 Nf4 28. Qf6+ Kg8 29. Rd1 Nh5 30. Ng4 Nxf6 31. Nxf6+ Kf7 32. Nxe8 Kxe8 33. Rd6 Re3 34. Rxa6 Rxh3 35. Ra5 g4 36. Rxb5 g3 37. Rg5 h6 38. Rxg6 Kf7 39. Rg4 h5 40. Rg5 h4 41. b4 Rh1+ 42. Kd2 Rg1 43.
Rh5 g2 44. Rxh4 Rd1+ 0-1

[Event "EICC 2021"]
[Site "Reykjavik"]
[Date "2021.09.01"]
[Round "7.39"]
[White "Hjartarson, Johann"]
[Black "Stefansson, Vignir Vatnar"]
[Result "1/2-1/2"]
[ECO "A18"]
[WhiteElo "2519"]
[BlackElo "2371"]
[Annotator "ChessBase"]
[PlyCount "65"]
[EventDate "2021.08.26"]
[EventType "swiss"]
[EventCountry "ISL"]
[Tiebreak "Cut1 Buchholz"]
[SourceTitle "playchess.com"]
[Source "ChessBase"]
[SourceQuality "1"]
[TimeControl "40/5400+30:1800+30"]

1. c4 e6 2. Nc3 Nf6 3. e4 d5 4. e5 d4 5. exf6 dxc3 6. bxc3 Qxf6 7. Nf3 b6 8. d4 Bb7 9. Bd3 h6 10. O-O Bd6 11. Nd2 O-O 12. Qe2 Nd7 13.
Rb1 Qh4 14. g3 Qh3 15. f3 Nf6 16. c5 Be7 17. Nc4 Ba6 18. c6 Rfd8 19. Bd2 Qh5 20. Qg2 Qd5 21. Ne3 Qa5 22. Qe2 Bxd3 23. Qxd3 Qa4 24. Qc4 Qxc4 25. Nxc4 Nd5 26. f4 Bd6 27. f5 exf5 28. Nxd6 Rxd6 29. c4 Ne7 30. Bb4 Nxc6 31. Bxd6 cxd6 32. Rbd1 g6 33. c5 1/2-1/2

[Event "EICC 2021"]
[Site "Reykjavik"]
[Date "2021.09.01"]
[Round "7.40"]
[White "Steingrimsson, Hedinn"]
[Black "Aizenberg, Benny"]
[Result "1/2-1/2"]
[ECO "A37"]
[WhiteElo "2519"]
[BlackElo "2309"]
[Annotator "ChessBase"]
[PlyCount "86"]
[EventDate "2021.08.26"]
[EventType "swiss"]
[EventCountry "ISL"]
[Tiebreak "Cut1 Buchholz"]
[SourceTitle "playchess.com"]
[Source "ChessBase"]
[SourceQuality "1"]
[TimeControl "40/5400+30:1800+30"]

1. Nf3 c5 2. c4 Nc6 3. Nc3 e5 4. g3 g6 5. Bg2 Bg7 6. O-O Nge7 7. a3 O-O 8. Rb1 a5 9. Ne1 d6 10. Nc2 Be6 11. Ne3 Rb8 12. d3 Nd4 13.
Ned5 Nxd5 14. Nxd5 b5 15. e3 Nf5 16. b4 bxc4 17. dxc4 cxb4 18. axb4 axb4 19. Bd2 Ne7 20. Bxb4 Nxd5 21. Bxd5 Bf5 22. e4 Bh3 23. Re1 Qf6 24. Qd3 Rb6 25. Ba3 Rfb8 26. Rb5 Rxb5 27. cxb5 Bf8 28. Rb1 Rb6 29. Bc1 Be7 30. Qe2 Bd8 31. Be3 h5 32. f3 Qe7 33. Qc4 Qf6 34. Kf2 Bg4 35. Qe2 h4 36. Kg1 Bd7 37. g4 Rxb5 38.
Rxb5 Bxb5 39. Qxb5 Qxf3 40. Bf2 Qxg4+ 41. Kf1 Qd1+ 42. Be1 Qf3+ 43. Bf2 Qd1+ 1/2-1/2

[Event "EICC 2021"]
[Site "Reykjavik"]
[Date "2021.09.02"]
[Round "8.35"]
[White "Hillarp Persson, Tiger"]
[Black "D`Costa, Lorin"]
[Result "1-0"]
[ECO "D12"]
[WhiteElo "2543"]
[BlackElo "2381"]
[Annotator "ChessBase"]
[PlyCount "59"]
[EventDate "2021.08.26"]
[EventType "swiss"]
[EventCountry "ISL"]
[Tiebreak "Cut1 Buchholz"]
[SourceTitle "playchess.com"]
[Source "ChessBase"]
[SourceQuality "1"]
[TimeControl "40/5400+30:1800+30"]

1. d4 d5 2. c4 c6 3. Nf3 Nf6 4. e3 Bf5 5. Nc3 e6 6. Nh4 Be4 7. f3 Bg6 8. Qb3 Qc7 9. Bd2 Be7 10. Nxg6 hxg6 11. O-O-O dxc4 12. Qxc4 a6 13. Kb1 b5 14. Qe2 c5 15. dxc5 Nc6 16. Rc1 O-O 17. g4 Rfd8 18. g5 Nh5 19. Ne4 Rd5 20.
f4 e5 21. Bg2 exf4 22. exf4 Rad8 23. Rhf1 Nd4 24. Qf2 Nf5 25. Nd6 Rd4 26. Be3 Nxe3 27. Qxe3 Bxd6 28. Qxd4 Bxf4 29. Qe4 Bxc1 30.
Rxc1 1-0

[Event "EICC 2021"]
[Site "Reykjavik"]
[Date "2021.09.02"]
[Round "8.36"]
[White "Suleymanli, Aydin"]
[Black "Koellner, Ruben Gideon"]
[Result "1/2-1/2"]
[ECO "D50"]
[WhiteElo "2536"]
[BlackElo "2418"]
[Annotator "ChessBase"]
[PlyCount "94"]
[EventDate "2021.08.26"]
[EventType "swiss"]
[EventCountry "ISL"]
[Tiebreak "Cut1 Buchholz"]
[SourceTitle "playchess.com"]
[Source "ChessBase"]
[SourceQuality "1"]
[TimeControl "40/5400+30:1800+30"]

1. d4 d5 2. c4 e6 3. Nc3 Nf6 4. Bg5 Be7 5. e3 dxc4 6. Bxc4 a6 7. Qf3 Ra7 8. a4 b6 9. Nge2 Bb7 10. Qh3 Nc6 11. Nf4 h6 12. Rd1 Nb4 13.
O-O O-O 14. Bxf6 Bxf6 15. d5 exd5 16. Ncxd5 Bxd5 17. Nxd5 Nxd5 18. Rxd5 Qb8 19. Rfd1 c6 20. Rd7 Rxd7 21. Rxd7 Qe8 22. b3 b5 23. Bd3 Qe5 24. g3 a5 25. Qg4 h5 26. Qf3 bxa4 27. bxa4 Rd8 28. Rxd8+ Bxd8 29. Qxc6 g6 30. Bc4 Kg7 31. Qd7 Be7 32. Qe8 Qf6 33.
Qd7 Qd6 34. Qb5 Qc5 35. Qb2+ Bf6 36. Qb3 Qe7 37. Qb5 Qe5 38. Qb7 Be7 39. Qb3 Qf5 40. h4 Bb4 41. Qd1 Qe5 42. Qf3 Qf6 43.
Qd1 Qe5 44. Qd7 Be7 45. Qe8 Qf6 46. Kg2 Bb4 47. f4 Qe7 1/2-1/2

[Event "EICC 2021"]
[Site "Reykjavik"]
[Date "2021.09.02"]
[Round "8.37"]
[White "Valsecchi, Alessio"]
[Black "Juksta, Karolis"]
[Result "0-1"]
[ECO "E04"]
[WhiteElo "2527"]
[BlackElo "2438"]
[Annotator "ChessBase"]
[PlyCount "80"]
[EventDate "2021.08.26"]
[EventType "swiss"]
[EventCountry "ISL"]
[Tiebreak "Cut1 Buchholz"]
[SourceTitle "playchess.com"]
[Source "ChessBase"]
[SourceQuality "1"]
[TimeControl "40/5400+30:1800+30"]

1. Nf3 d5 2. d4 e6 3. c4 Nf6 4. g3 dxc4 5. Bg2 a6 6. O-O Nc6 7. Qd2 Bb4 8.
Qc2 O-O 9. Rd1 Qe7 10. Qxc4 Rd8 11. Bg5 h6 12. Bxf6 Qxf6 13. Nc3 Bxc3 14. Qxc3 Qe7 15. Rac1 Bd7 16. a3 Be8 17. e3 Rac8 18. Ne1 Rd6 19. Nd3 b6 20. f4 a5 21. Ne5 Na7 22. Bh3 c5 23. d5 Rcd8 24. e4 exd5 25.
exd5 Rxd5 26. Rxd5 Rxd5 27. Re1 Qd8 28. Qe3 Rd1 29. Bd7 Rxe1+ 30. Qxe1 Bxd7 31. Qd1 Nc8 32. Nxd7 b5 33. Qd3 c4 34. Qd4 b4 35.
axb4 axb4 36. Kf2 c3 37. bxc3 b3 38. f5 b2 39. Qd3 Nb6 40.
Qb5 Qxd7 0-1

[Event "EICC 2021"]
[Site "Reykjavik"]
[Date "2021.09.02"]
[Round "8.38"]
[White "Ferreira, Jorge Viterbo"]
[Black "Kanyamarala, Tarun"]
[Result "1/2-1/2"]
[ECO "B31"]
[WhiteElo "2520"]
[BlackElo "2369"]
[Annotator "ChessBase"]
[PlyCount "83"]
[EventDate "2021.08.26"]
[EventType "swiss"]
[EventCountry "ISL"]
[Tiebreak "Cut1 Buchholz"]
[SourceTitle "playchess.com"]
[Source "ChessBase"]
[SourceQuality "1"]
[TimeControl "40/5400+30:1800+30"]

1. e4 c5 2. Nf3 Nc6 3. Bb5 g6 4. O-O Bg7 5. c3 e5 6. d4 cxd4 7. cxd4 exd4 8. Bf4 a6 9. Ba4 Nge7 10. Bd6 b5 11. Bb3 Bb7 12. Ng5 O-O 13. Qf3 Qe8 14. Qg3 Na5 15. Nxh7 Kxh7 16. Qh4+ Kg8 17. Bxe7 Nxb3 18. axb3 g5 19. Qxg5 f6 20. Qc5 Rf7 21. Qc7 Bc6 22. Bc5 Qxe4 23. Qg3 Qd5 24. b4 d6 25. Bxd6 Re8 26. Nd2 Re6 27. Bf4 f5 28. Nf3 Rff6 29. Rfc1 Rg6 30. Ng5 Bf8 31. Re1 Rxe1+ 32. Rxe1 Bg7 33. h4 Bf6 34. Re6 Qxe6 35. Nxe6 Rxg3 36. fxg3 d3 37. Kf2 Bxb2 38. Ke3 Bc3 39. Nc5 d2 40. Ke2 Bxb4 41. Nxa6 Be7 42. Bxd2 1/2-1/2

[Event "EICC 2021"]
[Site "Reykjavik"]
[Date "2021.09.02"]
[Round "8.39"]
[White "Aizenberg, Benny"]
[Black "Hjartarson, Johann"]
[Result "1-0"]
[ECO "B42"]
[WhiteElo "2309"]
[BlackElo "2519"]
[Annotator "ChessBase"]
[PlyCount "99"]
[EventDate "2021.08.26"]
[EventType "swiss"]
[EventCountry "ISL"]
[Tiebreak "Cut1 Buchholz"]
[SourceTitle "playchess.com"]
[Source "ChessBase"]
[SourceQuality "1"]
[TimeControl "40/5400+30:1800+30"]

1. e4 c5 2. Nf3 e6 3. d4 cxd4 4. Nxd4 a6 5. Bd3 Bc5 6. Nb3 Be7 7. Be3 d6 8. N1d2 Nf6 9. f4 O-O 10. Qf3 Nc6 11. a3 e5 12. f5 d5 13.
O-O-O d4 14. Bf2 a5 15. Nb1 a4 16. N3d2 b5 17. g4 b4 18. Nc4 Nd7 19. h4 f6 20. Rdg1 Ba6 21. g5 fxg5 22. hxg5 Bxg5+ 23. Kd1 h6 24. Be1 bxa3 25. Nbxa3 Nf6 26. Bd2 Nh7 27. Rh5 Ra7 28. Qh3 Qf6 29. Nb6 Bxd2 30. Kxd2 Bxd3 31. Nd5 Qd8 32. Rxh6 Bxe4 33. Rxh7 Qa5+ 34. Kc1 Rxf5 35. Rh8+ Kf7 36. Qg4 Ke6 37. Qxe4 Qxd5 38. Rh6+ Rf6 39. Rxf6+ gxf6 40. Qg4+ Kd6 41. Qc8 Rf7 42. Qa6 Ke6 43. Nc4 Rc7 44. Nb6 Qa5 45. Qc4+ Kd6 46. Rf1 f5 47. Rh1 e4 48. Rh6+ Ke5 49. Qe6+ Kf4 50. Nd5+ 1-0

[Event "EICC 2021"]
[Site "Reykjavik"]
[Date "2021.09.02"]
[Round "8.40"]
[White "Samadov, Read"]
[Black "Steingrimsson, Hedinn"]
[Result "1/2-1/2"]
[ECO "D27"]
[WhiteElo "2360"]
[BlackElo "2519"]
[Annotator "ChessBase"]
[PlyCount "68"]
[EventDate "2021.08.26"]
[EventType "swiss"]
[EventCountry "ISL"]
[Tiebreak "Cut1 Buchholz"]
[SourceTitle "playchess.com"]
[Source "ChessBase"]
[SourceQuality "1"]
[TimeControl "40/5400+30:1800+30"]

1. d4 d5 2. c4 dxc4 3. e3 Nf6 4. Bxc4 e6 5. Nf3 a6 6. O-O c5 7. dxc5 Bxc5 8. Qxd8+ Kxd8 9. Be2 Nbd7 10. Nbd2 Ke7 11. Nc4 a5 12. Bd2 b6 13. Rfd1 Bb7 14. Bc3 Rhc8 15. Rac1 Bd5 16. a4 h6 17. Nfd2 g5 18. Bf3 g4 19. Bxf6+ Nxf6 20. Bxd5 Nxd5 21. Kf1 Rc7 22. b3 Rac8 23. Nb1 Bb4 24. Rd4 h5 25. Rcd1 Rb8 26. Nba3 Nc3 27. Rc1 Rbc8 28. Ra1 Rb8 29. Rd3 f5 30. Rc1 Ne4 31. Nb5 Rcc8 32. Rdd1 Nc5 33. Na7 Rc7 34. Nb5 Rcc8 1/2-1/2

[Event "EICC 2021"]
[Site "Reykjavik"]
[Date "2021.09.03"]
[Round "9.25"]
[White "Quparadze, Giga"]
[Black "Martinovic, Sasa"]
[Result "1-0"]
[ECO "C07"]
[WhiteElo "2476"]
[BlackElo "2548"]
[Annotator "ChessBase"]
[PlyCount "79"]
[EventDate "2021.08.26"]
[EventType "swiss"]
[EventCountry "ISL"]
[Tiebreak "Cut1 Buchholz"]
[SourceTitle "playchess.com"]
[Source "ChessBase"]
[SourceQuality "1"]
[TimeControl "40/5400+30:1800+30"]

1. e4 e6 2. d4 d5 3. Nd2 c5 4. Ngf3 cxd4 5. Nxd4 Nc6 6. Bb5 Bd7 7. Nxc6 bxc6 8. Bd3 Bd6 9. Qe2 e5 10. c4 d4 11. O-O c5 12. f4 Ne7 13.
fxe5 Bxe5 14. Nf3 Nc6 15. Nxe5 Nxe5 16. Bf4 Qe7 17. a3 O-O 18. Bxe5 Qxe5 19. b4 Rae8 20. Qd2 Re7 21. b5 Rfe8 22. a4 Bc8 23. a5 Bb7 24. Rae1 Qc7 25. Rf4 Re5 26. Rf5 R5e6 27. Rf4 g6 28. a6 Ba8 29. Re2 Qe7 30. g4 Qg5 31. Ref2 R8e7 32. Qe2 Re5 33. Qf3 Rf5 34. Rxf5 gxf5 35. Qxf5 Qc1+ 36. Bf1 d3 37. Qc8+ Kg7 38. Qd8 Re6 39. Qc7 Rf6 40. Qe5 1-0

[Event "EICC 2021"]
[Site "Reykjavik"]
[Date "2021.09.03"]
[Round "9.32"]
[White "Dragnev, Valentin"]
[Black "Grigorian, Spartak"]
[Result "0-1"]
[ECO "B90"]
[WhiteElo "2557"]
[BlackElo "2448"]
[Annotator "ChessBase"]
[PlyCount "109"]
[EventDate "2021.08.26"]
[EventType "swiss"]
[EventCountry "ISL"]
[Tiebreak "Cut1 Buchholz"]
[SourceTitle "playchess.com"]
[Source "ChessBase"]
[SourceQuality "1"]
[TimeControl "40/5400+30:1800+30"]

1. e4 c5 2. Nf3 d6 3. d4 cxd4 4. Nxd4 Nf6 5. Nc3 a6 6. Bd3 e5 7. Nde2 Be7 8. O-O b5 9. a4 b4 10. Nd5 Nxd5 11. exd5 O-O 12. Bd2 a5 13. c3 bxc3 14. Nxc3 f5 15. Rc1 Na6 16. f4 Nc5 17. Bc4 Ba6 18.
Nb5 Ne4 19. Kh1 Bf6 20. Rc2 Qb6 21. Qe1 Nxd2 22. Qxd2 exf4 23. Na3 Rac8 24. Bxa6 Qxa6 25. Nb5 Be5 26. Rfc1 Rxc2 27. Rxc2 Qb6 28. b3 Re8 29. Nc7 Rc8 30. Ne6 Rb8 31. Qc1 Qxb3 32. Ng5 Qb7 33. h4 h6 34. Rc7 Qa8 35. Ne6 Re8 36. Rc6 Qa7 37. Rc8 Qd7 38.
Rxe8+ Qxe8 39. Qc6 Qe7 40. Qc8+ Kf7 41. Kg1 g5 42. h5 g4 43. Kf1 f3 44. gxf3 gxf3 45. Qa8 Bc3 46. Qb8 Bg7 47. Qb3 Qf6 48.
Qb7+ Kg8 49. Nxg7 Qe5 50. Qc8+ Kxg7 51. Kf2 Qe2+ 52. Kg3 Qg2+ 53. Kf4 Qg4+ 54. Ke3 f4+ 55. Kd4 0-1

[Event "EICC 2021"]
[Site "Reykjavik"]
[Date "2021.09.03"]
[Round "9.33"]
[White "Kulaots, Kaido"]
[Black "Petkov, Momchil"]
[Result "0-1"]
[ECO "B90"]
[WhiteElo "2548"]
[BlackElo "2443"]
[Annotator "ChessBase"]
[PlyCount "88"]
[EventDate "2021.08.26"]
[EventType "swiss"]
[EventCountry "ISL"]
[Tiebreak "Cut1 Buchholz"]
[SourceTitle "playchess.com"]
[Source "ChessBase"]
[SourceQuality "1"]
[TimeControl "40/5400+30:1800+30"]

1. e4 c5 2. Nf3 d6 3. d4 cxd4 4. Nxd4 Nf6 5. Nc3 a6 6. Be3 e5 7. Nb3 Be7 8. f3 Be6 9. Qd2 h5 10. Nd5 Nxd5 11. exd5 Bf5 12. Be2 a5 13. a4 O-O 14. O-O Nd7 15. f4 exf4 16. Bxf4 Rc8 17. Nd4 Bg6 18. Kh1 Nc5 19. Bb5 Bf6 20. Rae1 h4 21. Re3 Ne4 22. Qd1 Rc5 23. c3 Rxd5 24. Qe2 Bxd4 25. Rxe4 Be5 26. Re3 Bxf4 27. Rxf4 Qg5 28. Rf1 Re5 29. Re1 f6 30. Qf3 b6 31. Kg1 Kh7 32. Qf2 Bf5 33. Rxe5 fxe5 34. Qxb6 Be4 35. g3 Qd2 36. Rxe4 Qd1+ 37. Kg2 Qf3+ 38. Kh3 Qxe4 39. Qxd6 Qf5+ 40. g4 Qf3+ 41. Kxh4 g5+ 42. Kh5 Qf7+ 43. Kxg5 Rg8+ 44. Kh4 Qf2+ 0-1

[Event "EICC 2021"]
[Site "Reykjavik"]
[Date "2021.09.03"]
[Round "9.34"]
[White "Basso, Pier Luigi"]
[Black "Thorfinnsson, Bragi"]
[Result "1-0"]
[ECO "E32"]
[WhiteElo "2541"]
[BlackElo "2439"]
[Annotator "ChessBase"]
[PlyCount "99"]
[EventDate "2021.08.26"]
[EventType "swiss"]
[EventCountry "ISL"]
[Tiebreak "Cut1 Buchholz"]
[SourceTitle "playchess.com"]
[Source "ChessBase"]
[SourceQuality "1"]
[TimeControl "40/5400+30:1800+30"]

1. d4 Nf6 2. c4 e6 3. Nc3 Bb4 4. Qc2 O-O 5. e4 d5 6. e5 Ne4 7. Bd3 c5 8. Nf3 cxd4 9. Nxd4 Nd7 10. Bf4 Qh4 11. g3 Qh5 12. O-O Bxc3 13. bxc3 g5 14. cxd5 exd5 15. Be3 Nxe5 16. f3 Nxd3 17. Qxd3 Nd6 18. g4 Qg6 19. Qxg6+ fxg6 20. Bxg5 Re8 21. Bf4 Nc4 22. Nb5 Rf8 23. Bh6 Rf7 24. Rae1 Bd7 25. Nc7 Rd8 26. Nxd5 Bb5 27. Rd1 Rd6 28. Bf4 Rdd7 29. g5 Ba4 30. Nf6+ Rxf6 31. Rxd7 Rxf4 32. Rxb7 Nd2 33. Rf2 Nxf3+ 34. Kg2 Bc6 35. Rc7 Rc4 36. Rb2 Nxg5+ 37. Kf2 Nf7 38. Rb8+ Kg7 39. Rb4 Rxb4 40. cxb4 Bd5 41. Rxa7 Kf6 42. b5 Ke5 43. Ke3 h5 44. a4 Nd6 45. Kd3 g5 46. b6 Be4+ 47. Ke2 Kd4 48. a5 Kc5 49. Re7 Kc6 50.
b7 1-0